[Event "*** SCC Grand Prix: Titled Tuesday Blitz"]
[Site "Chess.com"]
[Date "2020.09.29"]
[Round "4"]
[White "ram1zan"]
[Black "AliKa2810"]
[Result "1-0"]
[WhiteElo "2916"]
[BlackElo "2554"]
[TimeControl "180+1"]
[EndTime "10:39:19 PDT"]
[Termination "ram1zan won by checkmate"]

1. e4 e5 2. Nf3 Nf6 3. d4 Nxe4 4.
Bd3 d5 5. dxe5 Be7 6. O-O Nc5 7.
Be2 O-O 8. Nc3 c6 9. Be3 Ne6 10. Nd4 c5 11. Nf5 d4 12. Nd5 Nc6 13. Ndxe7+ Nxe7 14. Nxe7+ Qxe7 15. Bc1 f6 16. exf6 Qxf6 17. Bd3 Nf4 18.
Bxf4 Qxf4 19. Qh5 Bf5 20. Rae1 Bxd3 21. cxd3 Qf5 22. Qd1 Rae8 23. Rxe8 Rxe8 24. Qa4 Re5 25. Qxa7 h6 26. Qxb7 Kh7 27. Qf3 Qxf3 28. gxf3 Re2 29. a4 Rxb2 30. Ra1 Rb6 31. a5 Ra6 32. f4 Kg6 33.
Kg2 Kf5 34. Kf3 g5 35. fxg5 hxg5 36. h3 Ke5 37. Ra4 c4 38. dxc4 Kd6 39. Ke4 Kc5 40. Kd3 Rh6 41. a6 Rxh3+ 42. Ke4 d3 43. a7 d2 44. a8=Q d1=Q 45. Qa7+ Kc6 46. Ra6# 1-0

[Event "*** SCC Grand Prix: Titled Tuesday Blitz"]
[Site "Chess.com"]
[Date "2020.09.29"]
[Round "4"]
[White "gagtemp"]
[Black "LionTheLeon_06"]
[Result "0-1"]
[WhiteElo "1968"]
[BlackElo "2601"]
[TimeControl "180+1"]
[EndTime "10:39:19 PDT"]
[Termination "LionTheLeon_06 won by resignation"]

1. e4 g6 2. d4 Bg7 3. Nc3 d6 4. Nf3 a6 5. Bd3 b5 6. Be3 Bb7 7. Qd2 Nd7 8. h4 h6 9. Ne2 Ngf6 10.
Ng3 Ng4 11. h5 Nxe3 12. Qxe3 g5 13. O-O-O e6 14. Kb1 Nb6 15. Rhe1 Qe7 16. e5 d5 17. Nd2 c5 18. dxc5 Nd7 19. Nb3 Rc8 20. f4 gxf4 21.
Qxf4 Qg5 22. Qxg5 hxg5 23. Na5 Ba8 24. a4 Rxc5 25. b4 Rc8 26. axb5 axb5 27. Bxb5 Rb8 28. Bxd7+ Kxd7 29. Rd4 Rhc8 30. Rg4 Ke7 31. Nb3 Rc4 32. Rxg5 Bh6 33. Rg6 fxg6 34. hxg6 Rcxb4 35. Rh1 Rh8 36. Kb2 Rg4 37. Ka2 d4 38. Ne2 Bxg2 39. Rg1 Be3 40. Rd1 Rxg6 41. Nexd4 Ra8+ 42. Kb2 Bxd4+ 43. Rxd4 Bd5 44. Rb4 Rgg8 45. Rb6 Rgb8 46. Rd6 Bxb3 47. cxb3 Rb7 48. Kc3 Rab8 0-1

[Event "*** SCC Grand Prix: Titled Tuesday Blitz"]
[Site "Chess.com"]
[Date "2020.09.29"]
[Round "4"]
[White "canary2016"]
[Black "kai_nov"]
[Result "0-1"]
[WhiteElo "1905"]
[BlackElo "2249"]
[TimeControl "180+1"]
[EndTime "10:39:20 PDT"]
[Termination "kai_nov won on time"]

1. d4 d5 2. Bf4 Nf6 3. e3 c5 4. c3 Nc6 5. Nd2 Qb6 6. Qb3 c4 7. Qc2 g6 8. e4 Nxe4 9. Nxe4 dxe4 10. Bxc4 Bg7 11. Bb3 Bf5 12. Qd2 O-O 13. Ne2 e5 14. dxe5 Nxe5 15. Bxe5 Bxe5 16. Ng3 Rad8 17. Qe2 Bf4 18. Nxf5 gxf5 19. Rd1 Rxd1+ 20. Qxd1 Rd8 21.
Qh5 Bd2+ 22. Kf1 Qa6+ 23. Kg1 Qg6 24. Qxg6+ hxg6 25. g3 Bc1 26. Kg2 Bxb2 27. c4 b6 28. Rd1 Bd4 29. Kf1 Kg7 30. Ke2 Kf6 31. h4 Ke5 32. Rd2 f4 33. gxf4+ Kxf4 34. Rd1 f5 35. Rg1 Bc3 36. Rxg6 Rd2+ 37. Kf1 Bd4 38. Rg2 Rb2 39.
Rh2 Kf3 40. Rh3+ Kg4 41. Rh2 f4 42. h5 f3 43. Ke1 e3 44. fxe3 Bc3+ 45. Kf1 Rxh2 46. h6 Kg3 0-1

[Event "*** SCC Grand Prix: Titled Tuesday Blitz"]
[Site "Chess.com"]
[Date "2020.09.29"]
[Round "4"]
[White "abykhovsky"]
[Black "BillieKimbah"]
[Result "1/2-1/2"]
[WhiteElo "2737"]
[BlackElo "2917"]
[TimeControl "180+1"]
[EndTime "10:39:21 PDT"]
[Termination "Game drawn by agreement"]

1. d4 d5 2. c4 c6 3. Nf3 Nf6 4. Nc3 e6 5. Bg5 h6 6. Bxf6 Qxf6 7. g3 Nd7 8. Bg2 Qd8 9. O-O Be7 10. e3 O-O 11. Qe2 b6 12. cxd5 cxd5 13. Rac1 Bb7 14. Rc2 a6 15. Rfc1 Rc8 16. Ne1 Nf6 17. Nd3 Qd6 18.
Ne5 Nd7 19. Nd3 Rfd8 20. Qd1 Qb8 21. Ne2 Rxc2 22. Rxc2 Rc8 23. Qc1 Rxc2 24. Qxc2 Bd6 25. a3 Qc7 26. Qxc7 Bxc7 27. Nc3 Kf8 28. f4 Ke7 29. Kf2 Bd6 30. Ke2 Nb8 31. Bf3 g5 32. Kd2 Nc6 33. b4 Nb8 34. Na4 Nd7 35. Ne5 Nxe5 36.
dxe5 Bc7 37. Nc3 f6 38. exf6+ Kxf6 39. Ne2 Bd6 40. Nd4 a5 41. Kc3 axb4+ 42. axb4 Bc8 43.
Bg4 Bd7 44. Bh3 Ke7 45. Bg4 Bb8 46. Bf3 Bd6 47. Bg4 e5 48. Nf5+ Bxf5 49. Bxf5 exf4 50.
exf4 gxf4 51. gxf4 Bxf4 52. h3 Kd6 53. Bg4 Ke5 54.
Kd3 Kd6 55. Bf3 b5 56. Bh5 Bg3 57. Be8 Be1 58. Bxb5 Bxb4 59. Ba4 1/2-1/2

[Event "*** SCC Grand Prix: Titled Tuesday Blitz"]
[Site "Chess.com"]
[Date "2020.09.29"]
[Round "4"]
[White "Gordima"]
[Black "MVM2008"]
[Result "0-1"]
[WhiteElo "2818"]
[BlackElo "2231"]
[TimeControl "180+1"]
[EndTime "10:39:21 PDT"]
[Termination "MVM2008 won on time"]

1. Nf3 c5 2. b3 b6 3. Bb2 Bb7 4.
g3 Nf6 5. Bg2 e6 6. O-O d6 7. d3 Be7 8. Nbd2 Nbd7 9. e4 O-O 10.
Qe2 a6 11. c4 Qc7 12. Nh4 b5 13. f4 Nb6 14. f5 e5 15. Ndf3 bxc4 16. bxc4 Rab8 17. h3 Na4 18. Bc1 Bc6 19. g4 Nc3 20. Qe1 Ncxe4 21. dxe4 Nxe4 22. g5 d5 23. cxd5 Bxd5 24.
f6 gxf6 25. gxf6 Bxf6 26. Bh6 Rfe8 27. Rd1 Qc6 28. Rxd5 Qxd5 29. Nd2 Qd4+ 30. Be3 Bxh4 31. Qe2 Ng3 32. Qf3 Qd7 33. Rf2 e4 34. Qf4 Qe7 35. Nc4 Nh5 36. Qg4+ Kh8 37. Qxh5 Bxf2+ 38. Kxf2 Qf6+ 39.
Kg1 Rb1+ 40. Kh2 Rg8 41. Qxc5 Rxg2+ 42. Kxg2 Qf3+ 0-1

[Event "*** SCC Grand Prix: Titled Tuesday Blitz"]
[Site "Chess.com"]
[Date "2020.09.29"]
[Round "4"]
[White "Radzio1987"]
[Black "Goryachkina"]
[Result "1/2-1/2"]
[WhiteElo "2838"]
[BlackElo "2643"]
[TimeControl "180+1"]
[EndTime "10:39:22 PDT"]
[Termination "Game drawn by repetition"]

1. c4 e6 2. Nc3 d5 3. d4 Nf6 4. cxd5 exd5 5. Bg5 c6 6. e3 h6 7. Bh4 Be7 8. Bd3 Nbd7 9. Nge2 O-O 10. f3 Re8 11.
O-O Nf8 12. Qc2 b6 13. Rad1 Bb7 14. h3 Nh5 15. Bf2 Bh4 16. e4 Bxf2+ 17. Rxf2 Ne6 18.
e5 Qh4 19. Qd2 Nhf4 20. Nxf4 Nxf4 21. Ne2 Nxe2+ 22. Bxe2 c5 23. f4 Rac8 24. Bg4 Rc7 25. Re1 cxd4 26. f5 Ba6 27. e6 fxe6 28. fxe6 d3 29. Rf7 Rc2 30. Qe3 d2 31. Rd1 Qg5 32.
Qxg5 hxg5 33. Kf2 Bc8 34. Rxa7 Bxe6 35. Bxe6+ Rxe6 36. Rd7 Re5 37. a4 Rxb2 38. g3 Kh7 39. Rd6 Ra2 40. Rxb6 d4 41. Rd6 Re4 42. a5 Rxa5 43.
Rxd2 Ra4 44. Kf3 Re3+ 45. Kf2 Re4 46. Kf3 Re3+ 47. Kf2 Re4 1/2-1/2

[Event "*** SCC Grand Prix: Titled Tuesday Blitz"]
[Site "Chess.com"]
[Date "2020.09.29"]
[Round "4"]
[White "chessfrendz"]
[Black "Harry_Rakkel"]
[Result "1-0"]
[WhiteElo "2340"]
[BlackElo "2569"]
[TimeControl "180+1"]
[EndTime "10:39:22 PDT"]
[Termination "chessfrendz won by checkmate"]

1. d4 Nf6 2. Nf3 e6 3. e3 b6 4. Bd3 Bb7 5. O-O d5 6. b3 Nbd7 7. Bb2 Be7 8. Nbd2 O-O 9. Ne5 c5 10. Qf3 Nxe5 11. dxe5 Nd7 12. Qh3 g6 13. f4 Re8 14.
Nf3 Qc7 15. c4 dxc4 16. bxc4 Rad8 17. Rad1 Nf8 18. Qh6 Qc6 19. Bc2 a6 20. Rf2 Rxd1+ 21. Bxd1 Rd8 22. Bc2 b5 23. Nd2 bxc4 24. Ne4 Rd1+ 25. Bxd1 Qxe4 26. Qh3 Qb1 27. Qg4 Be4 28. Qe2 Qxa2 29. Qd2 Qb1 30. Qc1 Qxc1 31. Bxc1 Nd7 32. Ra2 Nb6 33. Rxa6 Nd5 34. Kf2 c3 35. Bf3 Bd3 36.
Ra8+ Kg7 37. e4 Nb4 38. Ke3 c4 39. Kd4 Nc6+ 40. Kxc3 Bb4+ 41. Kb2 Nd4 42. Rc8 Be1 43. Be3 Nb5 44. Bc5 c3+ 45. Kb3 c2 46. Bf8+ Kg8 47.
Bh6# 1-0

[Event "*** SCC Grand Prix: Titled Tuesday Blitz"]
[Site "Chess.com"]
[Date "2020.09.29"]
[Round "4"]
[White "nitpicker"]
[Black "dianamirza"]
[Result "0-1"]
[WhiteElo "2247"]
[BlackElo "1966"]
[TimeControl "180+1"]
[EndTime "10:39:22 PDT"]
[Termination "dianamirza won on time"]

1. d4 Nf6 2. c4 g6 3. Nc3 Bg7 4. e4 d6 5. Be2 O-O 6. Nf3 Nc6 7. d5 Na5 8. Be3 c5 9. a3 b6 10. b4 Nb7 11. h3 Ng4 12. Bd2 Ne5 13. Nxe5 Bxe5 14.
O-O f5 15. Bd3 f4 16. Rb1 g5 17. Be2 Qe8 18. Bg4 Bxg4 19. Qxg4 Qg6 20. h4 h6 21. Qe6+ Qxe6 22. dxe6 gxh4 23. Nd5 Nd8 24. Nxe7+ Kg7 25. Nf5+ Kf6 26. e7 Rg8 27. exd8=Q+ Raxd8 28. Nxh4 Rg4 29. Nf5 h5 30. Nh6 Rg6 31. Nf5 Rdg8 32. g3 fxg3 33. fxg3 Ke6 34. Kf2 h4 35. gxh4 Rg2+ 36.
Ke1 Rh2 37. Bf4 Bxf4 38. Rxf4 Rg1+ 39. Rf1 Rxf1+ 40. Kxf1 Rh1+ 41. Ke2 Rxb1 42. bxc5 dxc5 43. h5 Kf6 44. h6 Kg6 45. Ke3 Rb3+ 46. Kf4 Rxa3 47.
Ke5 Rh3 48. Kd6 a5 49. Ne7+ Kxh6 50. e5 a4 51. Nd5 a3 0-1

[Event "*** SCC Grand Prix: Titled Tuesday Blitz"]
[Site "Chess.com"]
[Date "2020.09.29"]
[Round "4"]
[White "Funo09"]
[Black "x-0414717230"]
[Result "0-1"]
[WhiteElo "2843"]
[BlackElo "2708"]
[TimeControl "180+1"]
[EndTime "10:39:23 PDT"]
[Termination "x-0414717230 won on time"]

1. e4 c5 2. Nc3 d6 3. Nf3 Nf6 4.
d4 cxd4 5. Nxd4 a6 6. a4 e5 7. Nf3 Be7 8. Bc4 O-O 9. O-O Nc6 10. h3 h6 11. Qe2 Bd7 12. Rd1 Rc8 13. Be3 Na5 14.
Ba2 Qc7 15. Nd2 Be6 16. Nb3 Nc4 17. Bc1 Rfd8 18. Nd5 Nxd5 19. exd5 Bf5 20. c3 Re8 21.
Nd2 Nxd2 22. Bxd2 Bc2 23. Rdc1 Bxa4 24. Bxh6 Bd7 25. Be3 f5 26. c4 b6 27. b4 Bf6 28.
Rab1 e4 29. c5 bxc5 30. bxc5 Bb5 31. Qh5 Qd7 32. c6 Qf7 33. Qxf5 Rc7 34. Bb6 Rcc8 35.
Re1 Bd3 36. Rbd1 Bc3 37. Qxf7+ Kxf7 38. Re3 Rb8 39. Ba7 Rb2 40. c7 Rc8 41. Bb8 Rxa2 42. Kh2 Rb2 43. Rc1 Be5+ 44. Kg1 Bf4 45. Rc6 Rb1+ 0-1

[Event "*** SCC Grand Prix: Titled Tuesday Blitz"]
[Site "Chess.com"]
[Date "2020.09.29"]
[Round "4"]
[White "liczner"]
[Black "mortngabriel"]
[Result "1-0"]
[WhiteElo "2672"]
[BlackElo "2462"]
[TimeControl "180+1"]
[EndTime "10:39:23 PDT"]
[Termination "liczner won by resignation"]

1. e4 c5 2. Nf3 e6 3. d4 cxd4 4.
Nxd4 Nf6 5. Nc3 Bb4 6. e5 Nd5 7. Bd2 Bxc3 8. bxc3 O-O 9. Bd3 d6 10. exd6 Qxd6 11. O-O e5 12. Nf5 Bxf5 13. Bxf5 Nd7 14. c4 N5f6 15. Rb1 b6 16. Bb4 Qxd1 17. Rfxd1 Rfd8 18. Rd6 g6 19. Bxd7 Nxd7 20. Rbd1 a5 21. Ba3 Ra7 22. Kf1 f6 23. c5 bxc5 24. Bxc5 Nxc5 25. Rxd8+ Kf7 26. Rc8 Ne6 27. a4 h5 28. Rd5 h4 29. g3 h3 30. Rh8 Ng5 31. f4 Ke6 32. Rb5 exf4 33. gxf4 Ne4 34. Re8+ Re7 35. Rxe7+ Kxe7 36. Rxa5 Ke6 37. Rb5 Nc3 38. Rb6+ Kf5 39. a5 Nd5 40. Rb5 Ke4 41. a6 Nc7 42. Rb4+ Kf3 43.
a7 g5 44. Rc4 Na8 45. Rc8 g4 46. Rxa8 g3 47. hxg3 h2 48. Rh8 f5 49. a8=Q+ Kxg3 50. Qg2+ 1-0

[Event "*** SCC Grand Prix: Titled Tuesday Blitz"]
[Site "Chess.com"]
[Date "2020.09.29"]
[Round "4"]
[White "WPWPWP-2015"]
[Black "Legendinunknown"]
[Result "0-1"]
[WhiteElo "2416"]
[BlackElo "2639"]
[TimeControl "180+1"]
[EndTime "10:39:23 PDT"]
[Termination "Legendinunknown won on time"]

1. e4 e5 2. Nf3 Nc6 3. d4 exd4 4. Nxd4 Bc5 5. Be3 Qf6 6. c3 Nge7 7.
Bc4 d6 8. O-O Bb6 9. Kh1 O-O 10.
f4 Nxd4 11. cxd4 d5 12. e5 Qg6 13. Be2 Nf5 14. Bf2 Qh6 15. Nc3 c6 16. g4 Qxf4 17. gxf5 Bxf5 18. Qc1 Be4+ 19. Kg1 Qf5 20.
Nxe4 dxe4 21. Be3 Qg6+ 22. Kh1 Rfd8 23. Qd2 Bxd4 24. Bxd4 c5 25. Rg1 Rxd4 26. Qf4 Qc6 27. Raf1 e3+ 28. Qf3 Re8 29. Qxc6 bxc6 30. Rc1 Rxe5 31.
Bf3 g6 32. Rge1 Rd2 33. Re2 f5 34. Rce1 Rxe2 35. Rxe2 g5 36. Bxc6 g4 37. Kg2 f4 38.
Kf1 f3 39. Rc2 Kg7 40. Rc1 Kf6 41. h3 h5 42. a3 Kg5 43. b4 cxb4 44. axb4 Kh4 45. hxg4 hxg4 46. b5 Kg3 47. Ra1 Re7 48. Bxf3 gxf3 49. Kg1 e2 0-1

[Event "*** SCC Grand Prix: Titled Tuesday Blitz"]
[Site "Chess.com"]
[Date "2020.09.29"]
[Round "4"]
[White "Grandmaster2B"]
[Black "Grineva_Marianna"]
[Result "0-1"]
[WhiteElo "2399"]
[BlackElo "2267"]
[TimeControl "180+1"]
[EndTime "10:39:23 PDT"]
[Termination "Grineva_Marianna won by resignation"]

1. e4 c5 2. Nf3 d6 3. d4 cxd4 4. Nxd4 Nf6 5. Nc3 a6 6. f3 Qc7 7.
Be3 e5 8. Nb3 Be6 9. Qd2 Be7 10.
O-O-O Nbd7 11. g4 O-O 12. h4 h5 13. g5 Ne8 14. g6 fxg6 15. Bh3 Bxh3 16. Nd5 Qd8 17. Rxh3 Ndf6 18. Rg1 Kh7 19. Qg2 Nxd5 20. Qxg6+ Kg8 21. exd5 Bf6 22. Qxh5 Rc8 23. Qg4 Qc7 24. Rh2 Rf7 25. h5 Kf8 26. h6 gxh6 27. Bxh6+ Ke7 28.
Qe6+ Kd8 29. Rg8 Re7 30. Qxf6 Qb6 31. Bf8 Nxf6 32. Bxe7+ Kxe7 33. Rg7+ Kd8 34. Rh8+ Ne8 35. Rgg8 Qe3+ 36. Kb1 Kc7 37. Rxe8 Rxe8 38. Rxe8 Qxf3 39.
Re7+ Kb6 40. a4 Qxd5 41. a5+ Ka7 42. Rd7 Qd1+ 43. Ka2 Qxc2 44. Rxd6 Qc4 45. Rd2 Qa4+ 46. Kb1 Qxb3 47. Re2 Qd3+ 48. Rc2 Qd1+ 0-1

[Event "*** SCC Grand Prix: Titled Tuesday Blitz"]
[Site "Chess.com"]
[Date "2020.09.29"]
[Round "4"]
[White "Steven_Rojas"]
[Black "Skatchkov_V"]
[Result "0-1"]
[WhiteElo "2450"]
[BlackElo "2643"]
[TimeControl "180+1"]
[EndTime "10:39:25 PDT"]
[Termination "Skatchkov_V won by resignation"]

1. c4 e5 2. Nc3 Nf6 3. Nf3 Nc6 4. e3 Bb4 5. Qc2 Bxc3 6. Qxc3 Qe7 7. d4 Ne4 8. Qd3 exd4 9. Nxd4 Qb4+ 10. Bd2 Nxd2 11. Qxd2 Qxd2+ 12. Kxd2 Nxd4 13. exd4 d5 14. Re1+ Kd7 15.
cxd5 Kd6 16. Bc4 Bd7 17. Re3 Rhg8 18. Rhe1 Rae8 19. f3 Rxe3 20. Rxe3 f6 21. a4 a5 22. b3 Re8 23. g4 Rxe3 24. Kxe3 Be8 25. f4 Bf7 26. Ke4 g6 27. h3 h6 28. h4 Bg8 29. h5 gxh5 30. gxh5 Bh7+ 31. Ke3 Bc2 32. Kf3 f5 33. Ke3 Be4 34. Be2 Kxd5 35. Bc4+ Kd6 36. Be2 c6 37. Bc4 b6 38. Be2 Bc2 39. Bc4 Bd1 40. Kd2 Bxh5 41. Ke3 Bd1 42. Kf2 Bc2 43. Kg3 Be4 44. Kh4 Bf3 45. Kg3 Bd5 46. Kh4 Bxc4 47. bxc4 b5 48. axb5 cxb5 49. cxb5 a4 50. d5 a3 51. b6 a2 52. b7 Kc7 53. b8=Q+ Kxb8 54. d6 a1=Q 55. d7 0-1

[Event "*** SCC Grand Prix: Titled Tuesday Blitz"]
[Site "Chess.com"]
[Date "2020.09.29"]
[Round "4"]
[White "SophieNikoladze"]
[Black "Joshukid"]
[Result "1/2-1/2"]
[WhiteElo "2296"]
[BlackElo "2575"]
[TimeControl "180+1"]
[EndTime "10:39:25 PDT"]
[Termination "Game drawn by repetition"]

1. d4 Nf6 2. Nf3 e6 3. e3 b6 4. Bd3 Bb7 5. O-O Be7 6. c4 O-O 7. Nc3 c5 8. d5 exd5 9. cxd5 d6 10. e4 Re8 11. a4 Na6 12. Re1 Nb4 13. Bb1 a6 14. Ne2 Bf8 15. Ng3 g6 16. Bg5 h6 17.
Bd2 a5 18. Qc1 Kh7 19. Ra3 Bg7 20. Nh4 Nfxd5 21. Nxg6 fxg6 22. Nf1 Nf6 23. Rh3 Ng8 24. f4 Qf6 25. f5 gxf5 26. Bc3 Qf7 27. exf5 Nf6 28.
Ne3 Nbd5 29. Ba2 Re7 30. Bxf6 Qxf6 31. Bxd5 Bxd5 32. Nxd5 Qd4+ 33. Ne3 Rae8 34. Kf1 Bf6 35. Re2 Bg5 36. Kf2 Qf4+ 37. Rf3 Rxe3 38. Rxe3 Qxe3+ 39. Rxe3 Bxe3+ 40. Qxe3 Rxe3 41. Kxe3 d5 42. Kf4 Kg7 43. g4 Kf6 44. h4 d4 45. g5+ hxg5+ 46.
hxg5+ Kf7 47. Ke4 Ke7 48. f6+ Ke6 49. Kf4 c4 50. Ke4 d3 51. Ke3 Kf7 52. Kd2 Kg6 53.
Kc3 Kf7 54. Kd2 Ke6 55. Kc3 Kf7 56. Kd2 1/2-1/2

[Event "*** SCC Grand Prix: Titled Tuesday Blitz"]
[Site "Chess.com"]
[Date "2020.09.29"]
[Round "4"]
[White "nocnypako"]
[Black "AnkitGajwa"]
[Result "0-1"]
[WhiteElo "2561"]
[BlackElo "2429"]
[TimeControl "180+1"]
[EndTime "10:39:25 PDT"]
[Termination "AnkitGajwa won on time"]

1. d4 Nf6 2. c4 e6 3. Nc3 Bb4 4. e3 O-O 5. Ne2 d5 6. a3 Be7 7. cxd5 exd5 8. Nf4 c6 9. Bd3 Bd6 10. O-O Re8 11. f3 Nbd7 12. Bc2 Nf8 13. e4 dxe4 14. fxe4 Bc7 15. e5 Ng4 16. h3 Bb6 17. hxg4 Bxd4+ 18. Kh1 Qh4+ 19. Nh3 Bxe5 20. Bg5 Qg3 21. Bf4 Bxf4 22.
Rxf4 h5 23. Ne4 Qe3 24. Qd3 Qxd3 25. Bxd3 hxg4 26. Nhg5 f6 27. Bc4+ Kh8 28. Nf7+ Kh7 29. Ned6 Re3 30. Nxc8 Rxc8 31. Rxg4 g6 32. Nd6 Rd8 33.
Nxb7 Rd2 34. b4 f5 35. Rf4 Rg3 36. Bf1 Ne6 37. Rf3 Rxf3 38. gxf3 Ng5 39. Bg2 Ne6 40. Na5 Nf4 41. Rg1 Ne2 42. Re1 Nf4 43. Bf1 Kh6 44. Nxc6 Kg5 45. Ne5 Kh4 46. Nd3 Nxd3 47. Bxd3 Rxd3 48.
a4 Rxf3 49. Re7 Kg3 50. Kg1 Rb3 51. Kf1 Kf3 0-1

[Event "*** SCC Grand Prix: Titled Tuesday Blitz"]
[Site "Chess.com"]
[Date "2020.09.29"]
[Round "4"]
[White "stefy02"]
[Black "anasta10"]
[Result "0-1"]
[WhiteElo "2262"]
[BlackElo "2505"]
[TimeControl "180+1"]
[EndTime "10:39:25 PDT"]
[Termination "anasta10 won on time"]

1. e4 e6 2. d4 d5 3. Nd2 c5 4. exd5 exd5 5. Bb5+ Nc6 6. Ngf3 Qe7+ 7. Qe2 Qxe2+ 8. Kxe2 Nf6 9. Re1 Bd6 10. Kf1+ Kd8 11. dxc5 Bxc5 12. Nb3 Bb6 13. Bg5 Be6 14. Rad1 Kc7 15. Bxf6 gxf6 16. Nbd4 Rhe8 17. c3 Rad8 18. h3 Bc5 19. b4 Bf8 20. Bd3 h6 21. b5 Na5 22.
Nxe6+ fxe6 23. Bg6 Re7 24. Nd4 e5 25. Nf5 Red7 26.
f4 Nc4 27. fxe5 fxe5 28. Kg1 Kb6 29. Rb1 Nd2 30. Rb2 Ne4 31. Ne3 Nxc3 32. Rc1 d4 33. Nc4+ Kc7 34. Nxe5 Rg7 35. Bh5 Rd5 36. Nf3 Bc5 37. Bg4 h5 38. Be6 Rd6 39. Bc4 Kb8 40. Bd3 b6 41. Re1 Kc7 42. Re8 Rdd7 43. Re6 Rde7 44. Rxe7+ Rxe7 45. Rf2 Re3 46. Bf1 d3 47.
Rd2 Re2+ 0-1

[Event "*** SCC Grand Prix: Titled Tuesday Blitz"]
[Site "Chess.com"]
[Date "2020.09.29"]
[Round "4"]
[White "lachesisQ"]
[Black "GMKrikor"]
[Result "1-0"]
[WhiteElo "3110"]
[BlackElo "2800"]
[TimeControl "180+1"]
[EndTime "10:39:26 PDT"]
[Termination "lachesisQ won by resignation"]

1. b3 Nf6 2. Bb2 b6 3. c4 Bb7 4. Nc3 c5 5. Nf3 g6 6. e3 Bg7 7. Be2 O-O 8. O-O d5 9. Nxd5 Nxd5 10. Bxg7 Kxg7 11. cxd5 Qxd5 12. d4 cxd4 13. Qxd4+ Qxd4 14. Nxd4 Nd7 15. Rac1 Rac8 16. f3 a6 17. Kf2 e5 18. Nc2 Rc5 19. Na3 Rfc8 20. Rxc5 Rxc5 21. Rd1 Rc7 22. Nc4 Kf8 23. h4 Ke7 24. h5 b5 25.
Nd6 Bc6 26. a4 bxa4 27. bxa4 Bxa4 28. Rd2 a5 29. Nc4 Bb5 30. hxg6 hxg6 31. Nxa5 Bxe2 32. Kxe2 Nf6 33. Kf2 Rc5 34. Nb3 Rc3 35. Na5 Rc5 36.
Nb7 Rc7 37. Rb2 e4 38. Na5 exf3 39. gxf3 Rc5 40. Rb7+ Ke6 41. Nb3 Rc2+ 42. Kg3 Rc3 43. Nd4+ Ke5 44. Re7+ Kd5 45. Rxf7 Rxe3 46. Rxf6 Kxd4 47.
Rxg6 Ke5 48. Kg4 Re1 49. f4+ Kd5 50. Kf5 Re8 51. Rf6 Rh8 52. Rf7 Kd6 53. Kf6 Rh6+ 54. Kg7 Ke6 55. f5+ 1-0

[Event "*** SCC Grand Prix: Titled Tuesday Blitz"]
[Site "Chess.com"]
[Date "2020.09.29"]
[Round "4"]
[White "lacafi"]
[Black "ClydeHillKid"]
[Result "0-1"]
[WhiteElo "2108"]
[BlackElo "2377"]
[TimeControl "180+1"]
[EndTime "10:39:27 PDT"]
[Termination "ClydeHillKid won on time"]

1. d4 d5 2. Nf3 Nf6 3. e3 Bg4 4. Nbd2 Nbd7 5. c4 c6 6. cxd5 cxd5 7. Qa4 a6 8. Ne5 b5 9. Qb3 Nxe5 10. dxe5 Ne4 11. Nxe4 dxe4 12. Be2 Bxe2 13. Kxe2 e6 14. Rd1 Qc7 15. Bd2 Qxe5 16. Rac1 Qh5+ 17. Kf1 Be7 18. Qc2 O-O 19. Qxe4 Qxh2 20. Ke2 h6 21. Rh1 Qd6 22. a3 a5 23. Bc3 b4 24. axb4 axb4 25. Be5 Qa6+ 26. Kf3 f5 27. Qc6 Qa2 28. Rhd1 Rac8 29.
Qd7 Rxc1 30. Rxc1 Qd5+ 31. Qxd5 exd5 32. Rc7 Bf6 33. Bxf6 Rxf6 34. Rd7 Rc6 35. Rxd5 Rc2 36. Rxf5 Rxb2 37. Rb5 Kh7 38. e4 Kg6 39. Ke3 Kf6 40. g3 g5 41. f4 Rb3+ 42. Kd4 Rxg3 43. fxg5+ hxg5 44. Rxb4 Rg1 45. Rb6+ Ke7 46. Ke5 g4 47. Rb7+ Ke8 48. Ke6 Kf8 49. e5 g3 50. Rb8+ Kg7 0-1

[Event "*** SCC Grand Prix: Titled Tuesday Blitz"]
[Site "Chess.com"]
[Date "2020.09.29"]
[Round "4"]
[White "MomchilPetkov"]
[Black "JuliaEfremova"]
[Result "1-0"]
[WhiteElo "2596"]
[BlackElo "2347"]
[TimeControl "180+1"]
[EndTime "10:39:28 PDT"]
[Termination "MomchilPetkov won by resignation"]

1. e4 d5 2. exd5 Qxd5 3. Nc3 Qa5 4. d4 Nf6 5. Nf3 Bg4 6. h3 Bxf3 7. Qxf3 c6 8. Be3 e6 9. Qg3 Ne4 10. Qe5 Qxe5 11.
dxe5 Nxc3 12. bxc3 Nd7 13. Bf4 Bc5 14. h4 O-O-O 15.
h5 h6 16. Rh3 Nb6 17. Rg3 Nd5 18. Bd2 Rhg8 19. Bd3 Ba3 20. Rb1 f5 21. c4 Nc7 22.
Bxf5 exf5 23. Rxa3 Rge8 24. f4 Na6 25. Be3 c5 26. Ra5 g5 27. hxg6 Rg8 28. Rab5 Rd7 29. Bxc5 Rxg6 30. Kf1 Rd2 31. Bf2 Rxc2 32. Rxb7 Rxc4 33.
g3 Rgc6 34. Rxa7 Nc7 35. Kg2 Rc2 36. Re1 Ne6 37. Ra8+ Kb7 38. Ra7+ Kc8 39. Kf1 Rb2 40. Ra8+ Kc7 41. Ra7+ Kc8 42. Re2 Rc1+ 43. Be1 Rxe2 44. Kxe2 Nd4+ 45. Kd2 Rc2+ 46. Kd3 Rc1 47. Kxd4 Rxe1 48.
Kd5 Kb8 49. Rg7 Re3 50. e6 Kc8 51. Kd6 Rd3+ 52. Ke5 Kd8 53. Kxf5 Ke8 54. Kf6 Kf8 55. e7+ 1-0

[Event "*** SCC Grand Prix: Titled Tuesday Blitz"]
[Site "Chess.com"]
[Date "2020.09.29"]
[Round "4"]
[White "seorobert1971"]
[Black "RaunakSadhwani2005"]
[Result "0-1"]
[WhiteElo "2711"]
[BlackElo "2932"]
[TimeControl "180+1"]
[EndTime "10:39:29 PDT"]
[Termination "RaunakSadhwani2005 won on time"]

1. e4 g6 2. d4 Bg7 3. Nf3 d6 4. h3 Nf6 5. Nc3 a6 6. Bd3 b5 7.
Qe2 b4 8. Nb1 Bb7 9. Nbd2 Nbd7 10.
O-O Nb6 11. a4 a5 12. e5 Nfd5 13. Ne4 O-O 14. Bg5 h6 15. Bd2 f5 16. Ng3 c5 17.
c4 bxc3 18. bxc3 c4 19. Bxc4 Nxc4 20. Qxc4 dxe5 21. Nxe5 Ba6 22. Qc6 Rf6 23. Qc5 Rc8 24.
Qa3 Bxf1 25. Rxf1 Re6 26. f4 Kh7 27. Ne2 Bxe5 28. fxe5 Rec6 29. Qa1 Rc4 30. Qe1 e6 31. g4 Rxa4 32. gxf5 exf5 33. Qg3 Rac4 34. h4 h5 35. Nf4 Nxf4 36. Qxf4 Qf8 37. Rb1 a4 38. Rb7+ R8c7 39. Rb6 Ra7 40. Qf1 Rc8 41. Qg2 Qg7 42. Rb1 a3 43. Bf4 Rxc3 44. d5 a2 45. Ra1 Rc4 46. Bg3 Rg4 0-1

[Event "*** SCC Grand Prix: Titled Tuesday Blitz"]
[Site "Chess.com"]
[Date "2020.09.29"]
[Round "4"]
[White "BikingBrian"]
[Black "dosto07"]
[Result "1-0"]
[WhiteElo "2215"]
[BlackElo "2297"]
[TimeControl "180+1"]
[EndTime "10:39:29 PDT"]
[Termination "BikingBrian won on time"]

1. d4 d5 2. Bf4 Nf6 3. e3 c5 4. Nc3 cxd4 5. exd4 a6 6. Nf3 Nc6 7. Be2 Bg4 8. O-O e6 9. Ne5 Bxe2 10. Nxe2 Rc8 11.
c3 Bd6 12. Nd3 O-O 13. Bxd6 Qxd6 14. Ng3 b6 15. Qe2 a5 16. f4 Rfe8 17. Ne5 Ne7 18. Rae1 a4 19. a3 Ng6 20. f5 exf5 21. Nxf5 Qe6 22. Qf3 Ne4 23. Nxg6 hxg6 24. Ng3 f5 25.
Qd1 b5 26. Qd3 Qc6 27. Nxe4 dxe4 28. Qe3 Rcd8 29. Qf4 Qf6 30. Re3 Rf8 31. Rg3 Qd6 32. Qg5 Rf6 33. Rh3 Kf7 34. g4 f4 35. Qxb5 f3 36.
Qc4+ Qd5 37. Qxd5+ Rxd5 38. Kf2 Rb5 39. Ke3 Re6 40.
Rf2 g5 41. Rh8 Reb6 42. h4 gxh4 43. Rxh4 Rxb2 44. Rhh2 Rxf2 45. Rxf2 Rb3 46. Kxe4 Rxa3 47. Rxf3+ Ke6 48. d5+ Kd6 49. Kd4 Ra1 50. c4 Rd1+ 51.
Rd3 Rxd3+ 52. Kxd3 Kc5 53. Kc3 a3 54. Kb3 g5 55. Kxa3 1-0

[Event "*** SCC Grand Prix: Titled Tuesday Blitz"]
[Site "Chess.com"]
[Date "2020.09.29"]
[Round "4"]
[White "mr65"]
[Black "Manukyan_Artak"]
[Result "1/2-1/2"]
[WhiteElo "2157"]
[BlackElo "2396"]
[TimeControl "180+1"]
[EndTime "10:39:29 PDT"]
[Termination "Game drawn - insufficient material"]

1. e4 c5 2. Nf3 a6 3. d4 cxd4 4.
Nxd4 e5 5. Nb3 Nf6 6. Nc3 Bb4 7.
Qf3 d5 8. exd5 Qxd5 9. Qxd5 Nxd5 10. Bd2 Nxc3 11. bxc3 Be7 12. g3 Nc6 13. Bg2 Bf5 14. O-O-O O-O-O 15. Be3 f6 16. Bb6 Rxd1+ 17. Rxd1 Bd8 18.
Bxd8 Rxd8 19. Rxd8+ Nxd8 20. Kd2 b6 21. a4 a5 22. c4 Ne6 23. Bf1 Nc5 24. Nxc5 bxc5 25. Bd3 Bd7 26. Bxh7 Bxa4 27. f4 exf4 28. gxf4 Kc7 29.
Bg8 g5 30. fxg5 fxg5 31. c3 Kd6 32. Bd5 Ke5 33. Ke3 Bc2 34. Kd2 Be4 35. Bf7 Bc6 36. Ke3 a4 37. Kd2 Kf4 38. Bh5 Be4 39. Kc1 Bd3 40. Bf7 Kf3 41. Kb2 Kg2 42. Be8 Bxc4 43. Bxa4 Kxh2 44. Bd7 Be2 45. Ka3 g4 46. Ka4 Kg3 47.
Ka5 Kf4 48. Bxg4 Kxg4 49. c4 Bxc4 50. Kb6 Be2 51. Kxc5 1/2-1/2